 Dungeon Crawl Stone Soup version 0.29.0-4-gdea44cf6ec (webtiles) character file.

Game seed: 3030810229169699689

50 qw the Chopper (level 4, -2/35 HPs)
             Began as a Formicid Cinder Acolyte on Sept 3, 2022.
             Was a High Priest of Ignis.
             Slain by Grinder (5 damage)
             ... on level 3 of the Dungeon.
             The game lasted 00:01:09 (2171 turns).

qw the Chopper (Formicid Cinder Acolyte)            Turns: 2171, Time: 00:01:09

Health: -2/35      AC: 10    Str: 20    XL:     4   Next: 4%
Magic:  5/5        EV: 11    Int: 14    God:    Ignis [*****.]
Gold:   86         SH:  0    Dex:  9    Spells: 5/5 levels left

rFire   + . .      SeeInvis +   Y - -1 hand axe (chaos)
rCold   . . .      Faith    .   (no shield)
rNeg    . . .      Spirit   .   j - +0 leather armour
rPois   +          Reflect  .   (helmet unavailable)
rElec   .          Harm     .   (no cloak)
rCorr   .          Rampage  .   (no gloves)
Will    ++...      Clarity  +   (no boots)
Stlth   +.........              (no amulet)
HPRegen 0.11/turn               e - ring of willpower
MPRegen 0.09/turn               (no ring)

@: fiery-armoured
A: permanent stasis, dig shafts and tunnels, antennae 3, four strong arms,
clarity, strong-willed 1, poison resistance
a: Dig, Shaft Self, Renounce Religion, Fiery Armour, Foxfire Swarm, Rising Flame


You were on level 3 of the Dungeon.
You worshipped Ignis.
Ignis was extremely pleased with you.
You visited 1 branch of the dungeon, and saw 3 of its levels.

You collected 86 gold pieces.


Innate Abilities, Weirdness & Mutations

You cannot be hasted, slowed, berserked, paralysed or teleported.
You can dig through walls and to a lower floor.
You have a pair of large antennae on your head. (SInv)
Your four strong arms can wield two-handed weapons with a shield.
You possess an exceptional clarity of mind.
You are strong-willed. (Will+)
Your system is resistant to poisons. (rPois)


   Skills:
 - Level 3.2 Fighting
 + Level 4.6 Axes
 - Level 0.1 Dodging
 - Level 1.1 Spellcasting
 - Level 3.0 Fire Magic


You had 5 spell levels left.
You didn't know any spells.
Your spell library contained the following spells:

 Spells                   Type           Power      Damage    Failure   Level
 Scorch                   Fire           18%        2d6       14%         2

Inventory:

Hand Weapons
 b - a +0 whip of venom
 Y - a -1 hand axe of chaos (weapon)
Armour
 j - a +0 leather armour (worn)
Jewellery
 e - a ring of willpower (left hand)
Potions
 a - a potion of attraction {unknown}
 c - 3 potions of curing
 d - a potion of berserk rage {unknown}
 f - a potion of cancellation {unknown}
 g - a potion of haste {unknown}
 i - 3 potions of mutation
 l - a potion of heal wounds {unknown}

Dungeon Overview and Level Annotations

Branches:
Dungeon (3/15)

Altars:

Annotations:
D:3 Grinder


Message History

You hit Grinder but do no damage.
Grinder seems to slow down.
You hit Grinder but do no damage.
Grinder blinks!
You hit Grinder but do no damage. You barely miss Grinder.
Grinder blinks!
You slash the dart slug!
The dart slug suddenly seems more agile.
The dart slug is severely wounded.
Grinder blinks!
The dart slug closely misses you.
You hit the dart slug. You freeze the dart slug.
You kill the dart slug!
You have reached level 4!
You feel clever.
You closely miss Grinder. Grinder hits you!
You writhe in agony.
2167 ||| INVOKING Fiery Armour.
A protective cloak of flame settles atop you.
Grinder barely misses you.
You hit Grinder. You punch Grinder.
Grinder is moderately wounded.
Grinder is no longer moving slowly.
A dart slug comes into view.
Grinder hits you.
You writhe in agony.
Grinder is burned by your cloak of flames.
Grinder is moderately wounded.
You closely miss Grinder.
Grinder is moderately wounded.
Grinder hits you.
You writhe in agony.
Grinder is burned by your cloak of flames.
Grinder is heavily wounded.
You hit Grinder.
Space warps around Grinder.
Grinder is severely wounded.
Grinder says, "Just stop there for a second..."
Grinder hits you.
You writhe in agony.
Grinder is burned by your cloak of flames.
Grinder is severely wounded.
You barely miss Grinder.
Grinder is severely wounded.
Grinder hits you.
You writhe in agony.
You die...

##{#####......####..
....................
..............####..
##....w.#######
######.#
##'##########
#............
#............
#....@.......
#..).5.......
#............
#............
#.........###
#...........
#####........
#.#.#####


You could see Grinder and a dart slug.

Vanquished Creatures
  A dart slug (D:3)
  5 endoplasms
  4 giant cockroaches (D:1)
  6 goblins
  4 hobgoblins
  4 jackals (D:2)
  A quokka (D:1)
  A ball python (D:2)
  4 bats
  2 frilled lizards (D:1)
  6 kobolds
  2 rats (D:2)
40 creatures vanquished.

Vanquished Creatures (others)
  2 plants (D:2)
2 creatures vanquished.

Grand Total: 42 creatures vanquished

Notes
Turn   | Place    | Note
-------+----------+-------------------------------------------
     0 | D:1      | qw the Formicid Cinder Acolyte began the quest for the Orb.
     0 | D:1      | Reached XP level 1. HP: 18/18 MP: 2/2
     0 | D:1      | 0 ||| qw: Version: 0.1-a-102-g441f92d
     0 | D:1      | 0 ||| qw: Game counter: 5231
     0 | D:1      | 0 ||| qw: Always use a shield: true
     0 | D:1      | 0 ||| qw: God list: Okawaru
     0 | D:1      | 0 ||| qw: Allow faded altars: false
     0 | D:1      | 0 ||| qw: Do Orc after D:15 true
     0 | D:1      | 0 ||| qw: Do second Lair branch before Depths: true
     0 | D:1      | 0 ||| qw: Lair rune preference: random
     0 | D:1      | 0 ||| qw: Plans: Normal
     0 | D:1      | 0 ||| PLANNING D:1-11
    95 | D:1      | 95 ||| Stepping ~*~*~tactically~*~*~ (stealth).
   212 | D:1      | Reached XP level 2. HP: 24/24 MP: 3/3
   305 | D:1      | 305 ||| Stepping ~*~*~tactically~*~*~ (stealth).
   737 | D:1      | Reached skill level 4 in Axes
   737 | D:1      | Reached XP level 3. HP: 25/29 MP: 4/4
   815 | D:1      | 815 ||| UPGRADING to +0 leather armour.
   825 | D:1      | 825 ||| DROPPING +0 robe.
   826 | D:1      | 826 ||| UPGRADING to ring of willpower.
   827 | D:1      | 827 ||| READING scroll labelled IRARE HICE.
   828 | D:1      | 828 ||| READING scroll labelled HOGITU TUIT.
   829 | D:1      | 829 ||| DRINKING 3 metallic red potions.
   830 | D:1      | 830 ||| DRINKING 2 yellow potions.
   831 | D:1      | 831 ||| DROPPING potion of brilliance.
  1105 | D:2      | Found a faded altar of an unknown god.
  1289 | D:2      | 1289 ||| Stepping ~*~*~tactically~*~*~ (stealth).
  1347 | D:2      | 1347 ||| FLEEEEING.
  1431 | D:2      | 1431 ||| Stepping ~*~*~tactically~*~*~ (stealth).
  1624 | D:2      | Identified the +4 dagger of Peace {pain, rC++ rN+}
  2042 | D:2      | 2042 ||| READING scroll labelled UGYPLU KIKHLIFFUB.
  2043 | D:2      | 2043 ||| READING scroll labelled UGGUMM GAXKIZO.
  2104 | D:2      | 2104 ||| DROPPING +0 club.
  2105 | D:2      | 2105 ||| READING scroll labelled LAMIDAUVVA.
  2106 | D:2      | 2106 ||| READING scroll labelled SET VUHAINY.
  2107 | D:2      | 2107 ||| DRINKING 4 brown potions.
  2107 | D:2      | Gained mutation: You are strong-willed. (Will+) [potion of
                  | mutation]
  2107 | D:2      | Gained mutation: You possess an exceptional clarity of
                  | mind. [potion of mutation]
  2107 | D:2      | Gained mutation: Your system is resistant to poisons.
                  | (rPois) [potion of mutation]
  2154 | D:3      | Noticed Grinder
  2165 | D:3      | Reached XP level 4. HP: 33/35 MP: 5/5
  2167 | D:3      | 2167 ||| INVOKING Fiery Armour.
  2169 | D:3      | HP: 8/35 [Grinder (1)]
  2171 | D:3      | HP: 3/35 [Grinder (1)]
  2171 | D:3      | Slain by Grinder

Levels and vault maps discovered:
D:1:      denvon_arrival_planthouse, layout_rooms
D:2:      layout_basic, shapermc_ecumenical_altar_acropolis, minivault_14
D:3:      layout_basic, ebering_ghost_sewer_d, uniq_crazy_yiuf_cottage,
          uniq_grinder

Skill      XL: |  1  2 |
---------------+-------+-----
Axes           | 4 |  4.6
Fighting       | |  3.2
Dodging        | |  0.1
Spellcasting   | |  1.1
Fire Magic     | |  3.0

Action                   |  1- 3 |  4- 6 || total
-------------------------+-------+-------++-------
Melee: Hand axe          |   114 |     5 ||   119
       Punch             |       |     1 ||     1
Invok: Fiery Armour      |       |     1 ||     1
  Use: Scroll            |     6 |       ||     6
       Potion            |     3 |       ||     3
Armor: Robe              |    25 |       ||    25
       Leather armour    |    18 |       ||    18
Dodge: Dodged            |    64 |     1 ||    65

Table legend:
 A = Non-vault XP
 B = Vault XP
 C = Vault XP percentage of total XP
 D = Non-vault monster count
 E = Vault monster count
 F = Vault count percentage of total count
                 A         B        C        D         E       F
            +---------+---------+-------+---------+---------+-------
      Total |      72 |       0 |   0.0 |      40 |       0 |   0.0
            +---------+---------+-------+---------+---------+-------
        D:1 |      32 |       0 |   0.0 |      19 |       0 |   0.0
        D:2 |      36 |       0 |   0.0 |      20 |       0 |   0.0
        D:3 |       4 |       0 |   0.0 |       1 |       0 |   0.0
            +---------+---------+-------+---------+---------+-------
